 Dungeon Crawl Stone Soup version 0.19.4-8-ga85b6b9 (webtiles) character file.

138455 Firecrotchwizard the Fencer (level 16, -3/151 HPs)
             Began as a Minotaur Berserker on Jan 6, 2017.
             Was a High Priest of Trog.
             Slain by a five-headed hydra (5 damage)
             ... on level 4 of the Swamp on Feb 10, 2017.
             The game lasted 01:35:20 (32734 turns).

Firecrotchwizard the Fencer (Minotaur Berserker)   Turns: 32734, Time: 01:35:20

Health: -3/151     AC: 20    Str: 28    XL:     16   Next: 71%
Magic:  17/17      EV: 21    Int:  4    God:    Trog [*****.]
Gold:   1491       SH:  2    Dex: 15    Spells: 0 memorised, 15 levels left

rFire  . . .     SeeInvis +     j - +1 demon blade (flame)
rCold  . . .     Gourm    .     l - +0 swamp dragon scales
rNeg   . . .     Faith    .     (no shield)
rPois  +         Spirit   .     r - +0 hat
rElec  .         Reflect  +     K - +0 cloak {MR+}
rCorr  .         Harm     .     s - +0 pair of gloves
MR     ++...                    v - +2 pair of boots
Stlth  +.........               Z - +2 amulet of reflection
                                b - ring of see invisible
                                e - +2 ring of strength

@: no status effects
A: retaliatory headbutt, hooves 1, horns 2, shaggy fur 1, strong 1
a: Berserk, Trog's Hand, Brothers in Arms, Burn Spellbooks, Renounce Religion


You were on level 4 of the Swamp.
You worshipped Trog.
Trog was extremely pleased with you.
You were not hungry.

You visited 4 branches of the dungeon, and saw 27 of its levels.
You also visited: Volcano.

You collected 2323 gold pieces.
You spent 832 gold pieces at shops.

Inventory:

Hand Weapons
 a - a +3 great sword of slicing
 h - a +5 antimagic great sword
 j - a +1 demon blade of flaming (weapon)
 n - a +0 vampiric long sword
 U - a +3 triple sword of holy wrath
 Y - the +2 great sword of the Spider {vamp, rC+ Str-2 Dex+3}
   (Trog gifted it to you on level 2 of the Orcish Mines)

   It inflicts no extra harm, but heals its wielder when it wounds a living foe.
   It affects your strength (-2).
   It affects your dexterity (+3).
   It protects you from cold.
Armour
 l - +0 swamp dragon scales (worn)
 o - the +1 chain mail of Sin {+Fly Str+3 Dex+3 Stlth+}
   (You bought it in a shop on level 2 of the Orcish Mines)

   It affects your strength (+3).
   It affects your dexterity (+3).
   It lets you fly.
   It makes you more stealthy.
 r - a +0 hat (worn)
 s - a +0 pair of gloves (worn)
 v - a +2 pair of boots (worn)
 y - a +0 shield
 G - a +0 cloak
 K - a +0 cloak of magic resistance (worn)
 N - quicksilver dragon scales
 S - +0 storm dragon scales {Bai Suzhen}
Rods
 J - a +1 rod of clouds (11/11)
   (You found it on level 2 of the Swamp)
Jewellery
 b - a ring of see invisible (right hand)
 e - a +2 ring of strength (left hand)
 I - an uncursed ring of wizardry
 Z - a +2 amulet of reflection (around neck)
Wands
 Q - a wand of disintegration (8/24)
Scrolls
 f - 7 scrolls of magic mapping
 A - 7 scrolls of recharging
 C - 5 scrolls of remove curse
 D - 4 scrolls of fear
 E - 2 scrolls of identify
 F - 7 scrolls of teleportation
 M - 3 scrolls of fog
 P - 2 scrolls of blinking
Potions
 i - 4 potions of brilliance
 k - 5 potions of might
 m - 5 potions of flight
 p - 2 potions of resistance
 q - 3 potions of mutation
 t - 5 potions of curing
 u - 4 potions of heal wounds
 w - 3 potions of agility
 x - 4 potions of lignification
 z - 2 potions of cure mutation
 B - a potion of magic
 H - 2 potions of berserk rage
 L - a potion of ambrosia
 R - a potion of cancellation
Miscellaneous
 O - 3 boxes of beasts
 V - 3 sacks of spiders
Comestibles
 c - 15 bread rations
 g - 8 meat rations


   Skills:
 + Level 16.0 Fighting
 * Level 19.2 Long Blades
 - Level 10.0 Throwing
 + Level 15.7 Armour
 + Level 14.2 Dodging
 - Level 0.8 Shields
 + Level 3.9 Evocations


You had 15 spell levels left.
You didn't know any spells.

Dungeon Overview and Level Annotations

Branches:
Dungeon (15/15)            Temple (0/1) D:4            Lair (6/6) D:11
  Swamp (4/4) Lair:3        Snake (0/4) Lair:2        Slime (0/5) Lair:6
    Orc (2/2) D:12            Elf (0/3) Orc:2        Vaults (0/5) D:14
 Depths (0/5) D:15

Altars:
Cheibriados
Dithmenos
Hepliaklqana
Kikubaaqudgha
Okawaru
Vehumet
Xom

Shops:
D:5 %   Orc:2 ([=[*


Innate Abilities, Weirdness & Mutations

You reflexively headbutt those who attack you in melee.
You have a pair of horns on your head.
You have large cloven feet.
You are covered in fur. (AC +1)
Your muscles are strong. (Str +2)


Message History

You slice the six-headed hydra like a ripe choko!!!
You burn the six-headed hydra!!
You kill the six-headed hydra!
Trog accepts your kill.
You hear a roar!
You hear a deafening roar! x2; You hear a roar!
You continue putting on your +0 shield.
The eight-headed hydra bites you.
* * * LOW HITPOINT WARNING * * *
You block the eight-headed hydra's attack.
The eight-headed hydra misses you. x2
You block the eight-headed hydra's attack.
The eight-headed hydra bites you!
* * * LOW HITPOINT WARNING * * *
The eight-headed hydra barely misses you.
The eight-headed hydra bites you but does no damage.
The five-headed hydra misses you. You furiously retaliate!
You headbutt the five-headed hydra!
The five-headed hydra barely misses you.
The five-headed hydra bites you.
You die...

.♣♣...≈
≈♣.≈≈≈≈ .
D....♣. ..
k§.((≈. ≈≈≈
♣♣♣♣♣♣§≈≈≈...
...≈
♣♣≈≈♣♣§≈≈≈≈..≈
..≈§≈
♣≈..♣♣≈?D...≈≈
♣≈....♣≈.[<..♣
♣.≈≈†@D†.[♣♣
♣.≈.D.≈♣†♣♣
♣...♣♣♣♣♣♣
♣.≈%♣ ♣..♣ ♣♣♣


You could see an eight-headed hydra, a five-headed hydra and a swamp dragon.

Vanquished Creatures
  Nikola (Swamp:2)
  Frances (Swamp:2)
  2 thorn hunters
  Agnes (D:15)
  Kirke (Lair:4)
  An azure jelly (Lair:6)
  Louise (D:15)
  2 orc warlords (Orc:2)
  Aizul (Swamp:2)
  The ghost of miniman03 the Severer, a journeyman MiBe of Trog (Lair:4)
  A dire elephant (D:15)
  4 vault guards (D:14)
  A ghost crab (Swamp:3)
  19 hydras
  3 centaur warriors (D:14)
  2 death knights (D:15)
  The ghost of barreyi the Blocker, a novice MiFi of Qazlal (D:8)
  3 alligators
  Erica (Lair:1)
  3 catoblepae (Lair:6)
  A tengu warrior (D:14)
  13 death yaks (Lair:6)
  4 orc high priests (Orc:2)
  The ghost of Inchmeat the Cardsharp, a novice DsNe of Nemelex Xobeh (D:11)
  Sonja (Orc:2)
  4 skeletal warriors
  7 swamp dragons
  2 unseen horrors
  5 hill giants
  A shambling mangrove (Swamp:3)
  A spriggan druid (Swamp:3)
  Pikel (D:5)
  A lindwurm (Volcano)
  A phantasmal warrior (D:15)
  3 orc knights
  8 ugly things
  4 orc sorcerers
  An oklob plant (D:11)
  A wolf spider (D:15)
  5 cyclopes
  A manticore (D:11)
  13 elephants (Lair:6)
  A torpor snail (Lair:2)
  5 black mambas
  3 gargoyles
  3 molten gargoyles (Volcano)
  28 spiny frogs
  3 komodo dragons
  3 rime drakes
  An efreet (Volcano)
  A yaktaur (D:15)
  2 tyrant leeches (Swamp:1)
  7 trolls
  A tengu conjurer (D:14)
  7 hornets
  A polar bear (Lair:3)
  6 blink frogs
  6 dream sheep (Lair:4)
  4 bog bodies
  A two-headed ogre (D:12)
  20 slime creatures
  16 hippogriffs
  3 shadows
  7 hogs
  48 yaks
  A vampire (D:15)
  4 wraiths
  Grum (D:8)
  A basilisk (Lair:3)
  3 hungry ghosts
  A human (D:10)
  2 mottled dragons (D:14)
  14 swamp worms
  4 vampire mosquitoes (Swamp:1)
  3 wargs
  Edmund (D:6)
  An insubstantial wisp (Swamp:3)
  2 hell hounds (Lair:5)
  4 nagas (Lair:2)
  Duvessa (D:5)
  8 porcupines
  13 water moccasins
  7 swamp drakes
  A hornet zombie (D:11)
  4 ice beasts
  4 sky beasts
  3 necrophages
  2 phantoms
  26 orc warriors
  14 ogres
  6 wolves
  8 centaurs
  19 crocodiles
  4 big kobolds
  3 earth elementals (Volcano)
  18 bullfrogs
  A wyvern zombie (D:7)
  2 wyvern skeletons
  3 scorpions
  4 killer bees (D:10)
  2 howler monkeys (D:9)
  3 electric eels
  4 crimson imps
  A bullfrog zombie (D:6)
  A centaur zombie (D:9)
  2 quasits
  4 centaur skeletons
  5 hounds
  A bullfrog skeleton (D:5)
  21 orc priests
  A jelly (D:10)
  5 iguanas
  22 orc wizards
  10 worker ants
  A howler monkey skeleton (D:6)
  2 worker ant zombies (D:4)
  4 gnolls (D:11)
  9 adders
  2 shadow imps
  3 adder zombies
  4 adder skeletons
  4 worms
  4 dart slugs
  7 leopard geckos
  90 orcs
  2 bat zombies (D:2)
  14 giant cockroaches
  8 goblins
  7 hobgoblins
  8 jackals
  32 kobolds
  5 quokkas
  A ball python (D:1)
  8 bats
  9 frilled lizards
  A giant cockroach zombie (D:4)
  A jackal skeleton (D:4)
  A jackal zombie (D:4)
  2 leopard gecko skeletons (D:4)
  3 leopard gecko zombies (D:4)
  2 quokka skeletons (D:4)
  A quokka zombie (D:7)
  4 rats
  2 rat zombies (D:2)
  5 briar patches
  A fire vortex (Volcano)
  2 plants (D:11)
830 creatures vanquished.

Vanquished Creatures (collateral kills)
  Bai Suzhen (Swamp:3)
  3 hydras
  An orc knight (Orc:2)
  An ugly thing (D:11)
  An orc sorcerer (Orc:2)
  2 swamp drakes
  3 orc warriors
  An orc priest (Orc:1)
  An orc (Orc:1)
14 creatures vanquished.

Vanquished Creatures (others)
  An alligator (Swamp:2)
  A spriggan druid (Swamp:4)
  A spiny frog (Lair:6)
  A tyrant leech (Swamp:3)
  A human (Lair:4)
  Dowan (D:5)
  A bullfrog zombie (D:5)
  2 hounds (D:5)
  A worker ant (D:5)
  2 hound skeletons (D:5)
  3 orcs (D:5)
  A briar patch (Swamp:2)
  A fire vortex (Volcano)
  11 fungi
  7 plants
35 creatures vanquished.

Grand Total: 879 creatures vanquished

Notes
Turn   | Place    | Note
-------+----------+-------------------------------------------
     0 | D:1      | Firecrotchwizard the Minotaur Berserker began the quest for the Orb.
     0 | D:1      | Reached XP level 1. HP: 19/19 MP: 0/0
   192 | D:1      | Reached XP level 2. HP: 27/27 MP: 1/1
   220 | D:1      | Reached skill level 4 in Long Blades
   377 | D:1      | Reached XP level 3. HP: 33/33 MP: 2/2
   899 | D:1      | Reached ** piety under Trog
  1288 | D:2      | Reached XP level 4. HP: 36/41 MP: 3/3
  1352 | D:2      | Found an ancient bone altar of Kikubaaqudgha.
  1407 | D:2      | Reached skill level 5 in Fighting
  2018 | D:3      | Reached *** piety under Trog
  2426 | D:4      | Reached skill level 5 in Long Blades
  2426 | D:4      | Reached XP level 5. HP: 13/48 MP: 4/4
  2644 | D:4      | Found a staircase to the Ecumenical Temple.
  2947 | D:4      | Reached XP level 6. HP: 57/57 MP: 5/5
  2949 | D:4      | Reached **** piety under Trog
  3248 | D:4      | Found a snail-covered altar of Cheibriados.
  3989 | D:5      | Entered Level 5 of the Dungeon
  3993 | D:5      | Noticed a slave
  3996 | D:5      | Noticed Pikel
  4046 | D:5      | Noticed a slave
  4046 | D:5      | Noticed a slave
  4065 | D:5      | Noticed a slave
  4065 | D:5      | Killed Pikel
  4065 | D:5      | Received a gift from Trog
  4065 | D:5      | Reached skill level 7 in Long Blades
  4065 | D:5      | Reached XP level 7. HP: 45/66 MP: 6/6
  4188 | D:5      | Killed Dowan
  4231 | D:5      | Reached XP level 8. HP: 44/74 MP: 7/7
  4369 | D:5      | Found Jeuja's Food Boutique.
  4769 | D:5      | Reached skill level 5 in Armour
  4770 | D:5      | Found an iron altar of Okawaru.
  4792 | D:5      | Reached skill level 1 in Throwing
  4965 | D:5      | Noticed Duvessa
  4977 | D:5      | Killed Duvessa
  4977 | D:5      | Reached skill level 5 in Dodging
  4979 | D:5      | Reached skill level 8 in Long Blades
  6183 | D:6      | Found a hazy altar of Hepliaklqana.
  6194 | D:6      | Noticed Edmund
  6210 | D:6      | Killed Edmund
  6419 | D:6      | Reached skill level 9 in Long Blades
  6462 | D:6      | Reached XP level 9. HP: 79/81 MP: 8/8
  6806 | D:7      | Gained mutation: You have large cloven feet. [potion of beneficial mutation]
  7481 | D:7      | Reached skill level 10 in Long Blades
  7660 | D:8      | Noticed barreyi's ghost (novice MiFi)
  7692 | D:8      | Killed barreyi's ghost
  7930 | D:8      | Reached XP level 10. HP: 89/91 MP: 9/9
  7988 | D:8      | Found a radiant altar of Vehumet.
  8089 | D:8      | Noticed Grum
  8111 | D:8      | Killed Grum
  8120 | D:8      | Reached ***** piety under Trog
  8327 | D:8      | Reached skill level 11 in Long Blades
  9381 | D:10     | Entered Level 10 of the Dungeon
  9414 | D:10     | Reached skill level 5 in Throwing
  9597 | D:10     | Noticed a gargoyle
  9612 | D:10     | Killed a gargoyle
 10036 | D:10     | Reached skill level 12 in Long Blades
 10040 | D:10     | Reached skill level 10 in Fighting
 10046 | D:10     | Received a gift from Trog
 10186 | D:10     | Reached XP level 11. HP: 79/99 MP: 10/10
 10698 | D:11     | Noticed Inchmeat's ghost (novice DsNe)
 10716 | D:11     | Killed Inchmeat's ghost
 10730 | D:11     | Received a gift from Trog
 10778 | D:11     | Found a staircase to the Lair.
 10803 | D:11     | Noticed an oklob plant
 11032 | D:11     | Noticed a green ugly thing
 11034 | D:11     | Noticed an eight-headed hydra
 11050 | D:11     | Killed a green ugly thing
 11052 | D:11     | Killed a nine-headed hydra
 11114 | D:11     | Noticed a hill giant
 11124 | D:11     | Killed a hill giant
 11124 | D:11     | Reached skill level 13 in Long Blades
 11261 | D:11     | Received a gift from Trog
 11375 | D:11     | Killed an oklob plant
 11672 | Lair:1   | Entered Level 1 of the Lair of Beasts
 11725 | Lair:1   | Noticed Erica
 11752 | Lair:1   | Killed Erica
 12268 | Lair:1   | Noticed a five-headed hydra
 12275 | Lair:1   | Killed a one-headed hydra
 12275 | Lair:1   | Reached skill level 10 in Armour
 12275 | Lair:1   | Reached XP level 12. HP: 96/110 MP: 11/11
 13115 | Lair:2   | Found a staircase to the Snake Pit.
 13133 | Lair:2   | Reached skill level 14 in Long Blades
 13171 | Lair:2   | Received a gift from Trog
 13898 | Lair:3   | Found a staircase to the Swamp.
 13943 | Lair:3   | Found an iron altar of Okawaru.
 14224 | Lair:3   | Noticed a six-headed hydra
 14230 | Lair:3   | Killed a three-headed hydra
 14892 | Lair:4   | Noticed Kirke
 14902 | Lair:4   | Noticed miniman03's ghost (journeyman MiBe)
 14907 | Lair:4   | Killed Kirke
 14907 | Lair:4   | Reached skill level 10 in Dodging
 15150 | Lair:3   | Received a gift from Trog
 15630 | Lair:4   | Found a frozen archway.
 15637 | Lair:4   | Killed miniman03's ghost
 15637 | Lair:4   | Reached XP level 13. HP: 118/118 MP: 12/12
 16161 | Lair:5   | Found a dark tunnel.
 16245 | Volcano  | Entered a volcano
 17677 | Lair:5   | Reached skill level 15 in Long Blades
 18402 | Lair:6   | Entered Level 6 of the Lair of Beasts
 18462 | Lair:6   | Received a gift from Trog
 19342 | Lair:6   | Reached skill level 10 in Throwing
 19342 | Lair:6   | Reached XP level 14. HP: 106/129 MP: 13/13
 20147 | Lair:6   | Received a gift from Trog
 20240 | Lair:6   | Reached skill level 16 in Long Blades
 20792 | Lair:6   | Noticed an azure jelly
 20802 | Lair:6   | Killed an azure jelly
 21028 | Lair:6   | Found a staircase to the Slime Pits.
 21304 | D:12     | Gained mutation: Your muscles are strong. (Str +2) [potion of beneficial mutation]
 21390 | D:12     | Found a shimmering altar of Xom.
 21391 | D:12     | Found a shimmering altar of Xom.
 21391 | D:12     | Found a shimmering altar of Xom.
 21392 | D:12     | Found a shimmering altar of Xom.
 21482 | D:12     | Received a gift from Trog
 21893 | D:12     | Found a staircase to the Orcish Mines.
 22013 | Orc:1    | Entered Level 1 of the Orcish Mines
 22067 | Orc:2    | Entered Level 2 of the Orcish Mines
 22271 | Orc:2    | Received a gift from Trog
 22278 | Orc:2    | Got a fine great sword {god gift}
 22439 | Orc:2    | Identified the +2 great sword of the Spider {vamp, rC+ Str-2 Dex+3} (Trog gifted it to you on level 2 of the Orcish Mines)
 22445 | Orc:2    | Found Ocoluh's Antique Weapon Shop.
 22500 | Orc:2    | Found Mikekiek's Antique Armour Emporium.
 22652 | Orc:2    | Noticed Sonja
 22661 | Orc:2    | Killed Sonja
 22866 | Orc:2    | Found a staircase to the Elven Halls.
 22874 | Orc:2    | Bought a translucent cloak for 247 gold pieces
 22884 | Orc:2    | Identified the +2 cloak of Cobeinn {Int+4 Dex-5 Stlth+} (You bought it in a shop on level 2 of the Orcish Mines)
 23024 | Orc:2    | Found Gont's General Store.
 23295 | Orc:2    | Found Puoc's Antique Armour Emporium.
 23297 | Orc:2    | Noticed an orc warlord
 23299 | Orc:2    | Found Yjoatsi's Jewellery Shop.
 23313 | Orc:2    | Killed an orc warlord
 23453 | Orc:2    | Bought a +2 amulet of reflection for 300 gold pieces
 23463 | Orc:2    | Bought an ancient chain mail for 285 gold pieces
 23473 | Orc:2    | Identified the cursed +1 chain mail of Sin {+Fly Str+3 Dex+3 Stlth+} (You bought it in a shop on level 2 of the Orcish Mines)
 23815 | Orc:1    | Noticed an orc warlord
 23828 | Orc:1    | HP: 5/133 [orc warlord/vampiric great sword (28)]
 23837 | Orc:2    | Killed an orc warlord
 23837 | Orc:2    | Reached XP level 15. HP: 32/139 MP: 14/14
 24584 | D:13     | Received a gift from Trog
 24593 | D:13     | Gained mutation: You are covered in fur. (AC +1) [potion of beneficial mutation]
 24705 | D:13     | Received a gift from Trog
 24834 | D:13     | Reached skill level 17 in Long Blades
 25126 | D:14     | Received a gift from Trog
 25580 | D:14     | Found a gate to the Vaults.
 25612 | D:14     | Received a gift from Trog
 26083 | D:15     | Entered Level 15 of the Dungeon
 26216 | D:15     | Reached skill level 15 in Fighting
 26383 | D:15     | Found a snail-covered altar of Cheibriados.
 26528 | D:15     | Reached skill level 18 in Long Blades
 26759 | D:15     | Found a staircase to the Depths.
 26777 | D:15     | Noticed Louise
 26793 | D:15     | Killed Louise
 27234 | D:15     | Found a shadowy altar of Dithmenos.
 27433 | D:15     | Reached skill level 15 in Armour
 27731 | D:15     | Noticed Agnes
 27740 | D:15     | Killed Agnes
 27745 | D:15     | Received a gift from Trog
 27903 | D:15     | Upgraded the game from 0.19.1-1-g22dce08 to 0.19.4-8-ga85b6b9
 28087 | Swamp:1  | Entered Level 1 of the Swamp
 28361 | Swamp:1  | Paralysed by a hornet for 2 turns
 28368 | Swamp:1  | Reached skill level 1 in Evocations
 28525 | Swamp:1  | You fall through a shaft!
 28552 | Swamp:1  | Reached XP level 16. HP: 139/149 MP: 15/15
 29481 | Swamp:2  | Noticed a thorn hunter
 29502 | Swamp:2  | Killed a thorn hunter
 29917 | Swamp:2  | Noticed Frances
 29939 | Swamp:2  | Killed Frances
 29946 | Swamp:2  | Received a gift from Trog
 30187 | Swamp:2  | Noticed Aizul
 30195 | Swamp:2  | Killed Aizul
 30520 | Swamp:2  | Noticed Nikola
 30545 | Swamp:2  | Killed Nikola
 31754 | Swamp:3  | Noticed Bai Suzhen
 31780 | Swamp:3  | Killed Bai Suzhen
 32111 | Swamp:3  | Noticed a thorn hunter
 32122 | Swamp:3  | Killed a thorn hunter
 32122 | Swamp:3  | Reached skill level 19 in Long Blades
 32652 | Swamp:4  | Entered Level 4 of the Swamp
 32734 | Swamp:4  | HP: 2/151 [eight-headed hydra (10)]
 32734 | Swamp:4  | Slain by a five-headed hydra

Skill      XL: |  1  2  3  4  5  6  7  8  9 10 11 12 13 14 15 16 |
---------------+-------------------------------------------------+-----
Long Blades    | 4 5 7 9 10 12 13 14 15 16 18 19 | 19.2
Fighting       | 4 5 7 8 9 10 11 12 13 14 15 16 | 16.0
Armour         | 3 4 6 7 8 10 11 12 14 15 | 15.7
Dodging        | 3 4 5 6 7 9 10 11 12 13 14 | 14.2
Throwing       | 2 4 5 7 8 10 | 10.0
Evocations     | 1 3 |  3.9
Shields        | |  0.8

Action                   |  1- 3 |  4- 6 |  7- 9 | 10-12 | 13-15 | 16-18 || total
-------------------------+-------+-------+-------+-------+-------+-------++-------
Melee: Falchion          |    70 |   177 |   259 |       |       |       ||   506
       Headbutt          |    14 |    31 |    86 |   187 |   426 |   115 ||   859
       Long sword        |       |       |    54 |   455 |       |       ||   509
       Scimitar          |       |       |       |   228 |   447 |       ||   675
       Demon blade       |       |       |       |       |   108 |    34 ||   142
       Great sword       |       |       |       |       |   561 |   237 ||   798
Throw: Tomahawk          |       |       |     3 |     4 |     3 |       ||    10
       Javelin           |       |       |       |       |    22 |    14 ||    36
Invok: Berserk           |       |     1 |     2 |     2 |     4 |     1 ||    10
       Burn Spellbooks   |       |       |     3 |     3 |     1 |       ||     7
       Brothers in Arms  |       |       |       |     2 |     7 |     2 ||    11
       Trog's Hand       |       |       |       |     2 |     3 |     1 ||     6
  Use: Scroll            |       |     9 |    13 |     6 |     8 |       ||    36
       Potion            |       |       |     1 |       |     6 |     2 ||     9
  Eat: Chunk             |     1 |    10 |    12 |    22 |    30 |       ||    75
       Pizza             |       |       |     1 |       |     9 |       ||    10
       Meat ration       |       |       |     1 |       |     1 |     3 ||     5
       Royal jelly       |       |       |     1 |       |     1 |     2 ||     4
       Fruit             |       |       |       |     2 |       |       ||     2
       Beef jerky        |       |       |       |     2 |     3 |     1 ||     6
Armor: Animal skin       |     9 |     6 |       |       |       |       ||    15
       Chain mail        |       |    96 |   168 |    60 |   187 |    89 ||   600
       Plate armour      |       |       |       |   239 |       |       ||   239
       Quicksilver drago |       |       |       |    58 |   241 |       ||   299
       Swamp dragon scal |       |       |       |       |       |    50 ||    50
Dodge: Dodged            |    39 |    84 |   128 |   236 |   744 |   314 ||  1545
Block: Shield            |       |       |       |   258 |   189 |       ||   447
       Other             |       |       |       |       |    35 |    20 ||    55
       Reflection        |       |       |       |       |     1 |       ||     1
       Rpst.: Falchion   |    13 |    19 |    23 |       |       |       ||    55
       Long sword        |       |       |     4 |    47 |       |       ||    51
       Scimitar          |       |       |       |    20 |    41 |       ||    61
       Demon blade       |       |       |       |       |    11 |     8 ||    19
       Great sword       |       |       |       |       |   108 |    43 ||   151
